 Dungeon Crawl Stone Soup version 0.30-b1-2-g02819fbbbe (webtiles) character file.

Game seed: 7762099174309439341

95 Alarkh the Shooter (level 4, 0/32 HPs)
             Began as a Demonspawn Hexslinger on July 7, 2023.
             Slain by a gnoll
             ... wielding a +0 flail
              (8 damage)
             ... on level 2 of the Dungeon.
             The game lasted 00:01:45 (952 turns).

Alarkh the Shooter (Demonspawn Hexslinger)           Turns: 952, Time: 00:01:45

Health: 0/32       AC:  2    Str: 10    XL:     4   Next: 40%
Magic:  1/5        EV: 14    Int: 16    God:
Gold:   59         SH:  0    Dex: 14    Spells: 4/5 levels left

rFire   . . .        a - +1 sling
rCold   . . .        (no shield)
rNeg    . . .        c - +0 robe
rPois   .            (no helmet)
rElec   .            (no cloak)
rCorr   .            (no gloves)
SInv    .            (no boots)
Will    .....        (no amulet)
Stlth   +            (no ring)
HPRegen 0.25/turn    (no ring)
MPRegen 0.09/turn

%: no passive effects
@: no status effects
A: repulsion field 1, demonic magic 1
a: no special abilities


You were on level 2 of the Dungeon.
You visited 1 branch of the dungeon, and saw 2 of its levels.

You collected 59 gold pieces.

Inventory:

Hand Weapons
 a - a +1 sling (weapon)
Armour
 c - a +0 robe (worn)
Scrolls
 b - 2 scrolls of poison
 d - a scroll of enchant armour {unknown}
 e - a scroll of fear {unknown}
 f - a scroll of teleportation {unknown}
 h - a scroll of identify {unknown}
Potions
 g - a potion of degeneration {unknown}


   Skills:
 - Level 1.0 Fighting
 + Level 4.3 Ranged Weapons
 - Level 1.7 Dodging
 - Level 1.0 Spellcasting
 - Level 3.0 Hexes


You had 4 spell levels left.
You knew the following spells:

 Your Spells              Type           Power      Damage    Failure   Level
a - Slow                  Hex            40%        N/A       7%          1

Your spell library contained the following spells:

 Spells                   Type           Power      Damage    Failure   Level
 Inner Flame              Hex/Fire       5%         N/A       36%         3
 Portal Projectile        Hex/Tloc       10%        N/A       36%         3
 Cause Fear               Hex            5%         N/A       54%         4


Dungeon Overview and Level Annotations

Branches:
Dungeon (2/15)

Altars:


Innate Abilities, Weirdness & Mutations

You are surrounded by a mild repulsion field. (EV +2)
Spells you cast may paralyse adjacent enemies.


Message History

Aim: a gnoll, wielding a +0 flail (chance to affect: 52%)
The gnoll resists with significant effort.
The gnoll suddenly stops moving!
You shoot a sling bullet. The sling bullet hits the gnoll.
The gnoll is heavily wounded.
You shoot a sling bullet.
The sling bullet hits the gnoll but does no damage.
The gnoll is heavily wounded.
You shoot a sling bullet.
The sling bullet hits the gnoll but does no damage.
The gnoll is heavily wounded.
You shoot a sling bullet.
The sling bullet hits the gnoll but does no damage.
The gnoll is heavily wounded.
You shoot a sling bullet. The sling bullet hits the gnoll.
The gnoll is severely wounded.
The gnoll is no longer paralysed.
The gnoll hits you with a +0 flail!
* * * LOW HITPOINT WARNING * * *
Your magical contamination has completely faded away.
You shoot a sling bullet. The sling bullet hits the gnoll.
The gnoll is almost dead.
The gnoll misses you. The gnoll closely misses you.
Casting: Slow (safe; 7% risk of failure)
Confirm with . or Enter, or press ? or * to list all spells.
Aiming: Slow (safe; 7% risk of failure)
Press: ? - help, Shift-Dir - straight line, f/p - gnoll
Aim: a gnoll, wielding a +0 flail (almost dead, chance to affect: 52%)
The gnoll resists with significant effort.
The gnoll closely misses you.
Casting: Slow (safe; 7% risk of failure)
Confirm with . or Enter, or press ? or * to list all spells.
Aiming: Slow (safe; 7% risk of failure)
Press: ? - help, Shift-Dir - straight line, f/p - gnoll
Aim: a gnoll, wielding a +0 flail (almost dead, chance to affect: 52%)
The gnoll seems to slow down.
You shoot a sling bullet.
The sling bullet hits the gnoll but does no damage.
The gnoll is almost dead.
The gnoll hits you with a +0 flail!
You die...

##############
##....(##.....## .
##..............## ...
#........?.......#.....
#...........g..<.......
#...........@†.........
#............$.........
#....<.................
#......................
##.....................
##....................
####.##..####.....##.
#.##.... ..... .# ##.


You could see a gnoll (slow).

Vanquished Creatures
  An orc priest (D:1)
  An orc wizard (D:1)
  A dart slug (D:1)
  5 orcs (D:1)
  2 ball pythons (D:1)
  4 endoplasms (D:1)
  4 giant cockroaches (D:1)
  A hobgoblin (D:1)
  6 jackals (D:1)
  A quokka (D:1)
  A frilled lizard (D:1)
  2 kobolds (D:1)
  6 rats
35 creatures vanquished.

Notes
Turn   | Place    | Note
-------+----------+-------------------------------------------
     0 | D:1      | Alarkh the Demonspawn Hexslinger began the quest for the
                  | Orb.
     0 | D:1      | Reached XP level 1. HP: 15/15 MP: 2/2
    49 | D:1      | Reached skill level 2 in Ranged Weapons
    85 | D:1      | Gained mutation: Spells you cast may paralyse adjacent
                  | enemies. [demonic ancestry]
    85 | D:1      | Reached XP level 2. HP: 15/21 MP: 3/3
   208 | D:1      | Reached skill level 3 in Ranged Weapons
   371 | D:1      | Reached XP level 3. HP: 23/26 MP: 4/4
   583 | D:1      | Found a faded altar of an unknown god.
   913 | D:1      | Reached skill level 4 in Ranged Weapons
   913 | D:1      | Gained mutation: You are surrounded by a mild repulsion
                  | field. (EV +2) [demonic ancestry]
   913 | D:1      | Reached XP level 4. HP: 18/32 MP: 5/5
   952 | D:2      | Slain by a gnoll

Illustrated notes

Levels and vault maps discovered:
D:1:      amcnicky_arrival_blooded_trapdoor, layout_rooms,
          shapermc_ecumenical_altar_ellora, hangedman_glass_teeth,
          kennysheep_small_spiral
D:2:      layout_rooms, chequers_garden

Skill      XL: |  1  2  3 |
---------------+----------+-----
Ranged Weapons | 2 3 4 |  4.3
Fighting       | |  1.0
Dodging        | |  1.7
Spellcasting   | |  1.0
Hexes          | |  3.0

Action                     |  1- 3 |  4- 6 || total
---------------------------+-------+-------++-------
   Fire: Sling             |   115 |     8 ||   123
   Cast: Slow              |     7 |     4 ||    11
 Armour: Robe              |     4 |       ||     4
  Dodge: Dodged            |    44 |     8 ||    52
